 Dungeon Crawl Stone Soup version 0.27-a0-920-gb2bd10914a (webtiles) character file.

Game seed: 17088650857514278693

53 spiderkeys the Sneak (level 3, -9/36 HPs)
             Began as an Octopode Brigand on Apr 9, 2021.
             Was a Follower of Trog.
             Mangled by a gnoll
             ... wielding a +0 club
              (10 damage)
             ... on level 2 of the Dungeon.
             The game lasted 00:01:28 (956 turns).

spiderkeys the Sneak (Octopode Brigand)              Turns: 956, Time: 00:01:28

Health: -9/36      AC:  1    Str: 10    XL:     3   Next: 89%
Magic:  3/3        EV: 13    Int: 13    God:    Trog [*.....]
Gold:   36         SH:  0    Dex: 14    Spells: 2/2 levels left

rFire    . . .     SeeInvis .   a - +2 dagger
rCold    . . .     Faith    +   (no shield)
rNeg     . . .     Spirit   .   (helmet restricted)
rPois    .         Reflect  .   g - amulet of faith
rElec    .         Harm     .   (no ring)
rCorr    .         Rampage  .   (no ring)
Will     .....                  (no ring)
Stlth    ..........             (no ring)
HPRegen  0.12/turn              (no ring)
MPRegen  0.08/turn              (no ring)
                                (no ring)
                                (no ring)

@: berserking (expiring), very quick
A: almost no armour, amphibious, 8 rings, camouflage 1, gelatinous body 1,
(nimble swimmer 1), tentacles
a: Renounce Religion, Berserk


You were on level 2 of the Dungeon.
You worshipped Trog.
Trog was aware of your devotion.
You visited 1 branch of the dungeon, and saw 2 of its levels.

You collected 36 gold pieces.

Inventory:

Hand Weapons
 a - a +2 dagger (weapon)
Missiles
 b - 8 poisoned darts (quivered)
 c - 2 curare-tipped darts
Jewellery
 g - an amulet of faith (around mantle)
Scrolls
 d - a scroll of teleportation {unknown}
 e - a scroll of summoning {unknown}
Potions
 h - a potion of flight {unknown}
 i - a potion of attraction {unknown}


   Skills:
 + Level 2.1 Fighting
 + Level 2.3 Short Blades
 + Level 2.1 Throwing
 + Level 1.2 Dodging
 + Level 6.9 Stealth


You had 2 spell levels left.
You didn't know any spells.
Your spell library was empty.

Dungeon Overview and Level Annotations

Branches:
Dungeon (2/15)

Altars:
Trog


Innate Abilities, Weirdness & Mutations

You cannot wear most types of armour.
You are amphibious.
You can wear up to eight rings at the same time.
Your skin changes colour to match your surroundings (Stealth+).
Your rubbery body absorbs attacks. (AC +1, EV +1)
((You are camouflaged near water. (Stealth+)))
You have tentacles for arms and can constrict up to eight enemies at once.


Message History

You feel agile.
You hit the gnoll but do no damage. You grab the gnoll.
You constrict the gnoll, but do no damage.
The gnoll hits you with a +0 club!
You hit the gnoll.
The gnoll is lightly wounded.
You constrict the gnoll, but do no damage.
The gnoll closely misses you.
You completely miss the gnoll.
The gnoll is lightly wounded.
You constrict the gnoll. The gnoll closely misses you.
You hit the gnoll. You squeeze the gnoll!
You kill the gnoll!
Trog accepts your kill.
You barely miss the gnoll. Your grab misses the gnoll.
The gnoll closely misses you.
You hit the gnoll. You grab the gnoll. You squeeze the gnoll.
The gnoll is severely wounded.
You constrict the gnoll. The gnoll barely misses you.
The gnoll shouts!
You hit the gnoll.
You kill the gnoll!
Trog accepts your kill.
The gnoll hits you from afar with a +0 spear!
Throw: 8 darts (poison)
Press: ? - help, Q - select action, (/) - cycle Shift-Dir - straight line, f - gnoll
Aim: a gnoll, wielding a +0 spear and quivering a throwing net (64% to hit)
Okay, then.
A red film seems to cover your vision as you go berserk!
You feel yourself moving faster!
You feel mighty!
The gnoll hits you from afar with a +0 spear!
* * * LOW HITPOINT WARNING * * *
You feel a strong urge to attack something.
The gnoll hits you with a +0 spear.
* * * LOW HITPOINT WARNING * * *
You puncture the gnoll!
You kill the gnoll!
Trog accepts your kill. The gnoll hits you with a +0 club!
You die...

...#.#.###........####.#
.........#...........†<#
.........#........####.#
.........#........####.#
.........###........##.#
.........# #........##.#
.........# #........##.#
.#......g###...#######.#
#.......@.............#
#.......###...#######
#.#.##### #...# # #.
#...# # #...# #...#
....# ...##


You could see a gnoll.

Vanquished Creatures
  3 gnolls (D:2)
  2 dart slugs (D:1)
  A ball python (D:2)
  4 bats (D:1)
  3 giant cockroaches
  A goblin (D:1)
  3 jackals (D:1)
  2 frilled lizards (D:1)
  3 rats (D:1)
22 creatures vanquished.

Notes
Turn   | Place    | Note
-------+----------+-------------------------------------------
     0 | D:1      | spiderkeys the Octopode Brigand began the quest for the
                  | Orb.
     0 | D:1      | Reached XP level 1. HP: 14/14 MP: 1/1
   103 | D:1      | Reached XP level 2. HP: 10/19 MP: 2/2
   105 | D:1      | Reached skill level 6 in Stealth
   874 | D:1      | Found a faded altar of an unknown god.
   879 | D:1      | Became a worshipper of Trog the Wrathful
   879 | D:1      | Reached * piety under Trog
   945 | D:2      | Reached XP level 3. HP: 24/24 MP: 3/3
   954 | D:2      | HP: 1/36 [gnoll/+0 spear (5)]
   956 | D:2      | Mangled by a gnoll

Illustrated notes

Levels and vault maps discovered:
D:1:      saegor_arrival_simple_a, layout_rooms,
          hellmonk_ecumenical_altar_heavens_door, serial_glass, glass_columns_a,
          glass_columns_a, minmay_strange_pillars, due_unseen_surprise,
          feat_on_display, item_on_display_a
D:2:      layout_basic, uniq_sigmund

Skill      XL: |  1  2 |
---------------+-------+-----
Stealth        | 6 |  6.9
Fighting       | |  2.1
Short Blades   | |  2.3
Throwing       | |  2.1
Dodging        | |  1.2

Action                   || total
-------------------------++-------
Melee: Dagger            ||    42
       Constrict         ||    12
       Tentacles         ||     9
Invok: Berserk           ||     1
  Use: Potion            ||     1
 Stab: Sleeping          ||     4
Armor: Skin              ||     7
Dodge: Dodged            ||    29

Table legend: (Time is in decaauts)
 A = Elapsed time spent in this place.
 B = Non-inter-level travel time spent in this place.
 C = Inter-level travel time spent in this place.
 D = Time resting spent in this place.
 E = Time spent auto-exploring this place.
 F = Levels seen in this place.
 G = Mean time per level.
                   A        B        C        D        E       F      G
               +--------+--------+--------+--------+--------+-----+--------+
         Total |    951 |    919 |     32 |    134 |    613 |   2 |  475.5 |
       Dungeon |    951 |    919 |     32 |    134 |    613 |   2 |  475.5 |
               +--------+--------+--------+--------+--------+-----+--------+

Top non-repeatable levels by time:
     D:1: 914 daAuts
     D:2: 36 daAuts
